Cogmind - Beta 16 @@@ ROGUE MODE // 2025.11.08 @ 11:14:44 Player: lepire Result: Destroyed by G-50 Soldier with Heavy Laser Performance ------------- Evolutions (3) 1500 Regions Visited (10) 2000 Robots Destroyed (108) 540 Value Destroyed (4604) 4604 Prototype IDs (30) 600 Alien Tech Used (0) 0 Bonus (2476) 2476 TOTAL SCORE: 11720 Bonus ------- High Alert Combat Kills 716 Follower Combat Kills 60 Entered Garrisons 400 Used RIF Installer 1000 Aligned with FarCom 300 Cogmind --------- Core Integrity 0/700 Matter 160/300 Energy 100/100 System Corruption 3% Temperature Cool (9) Movement Core (1350) Ox26 Location -7/Factory Parts ------- > --- POWER (1) -------- (None) > --- PROPULSION (2) --- (None) > --- UTILITY (6) ------ Huge Storage Unit Improved Targeting Computer Relay Coupler [Sentry] (11) > --- WEAPON (4) ------- (None) > --- INVENTORY (25) --- Light Deuterium Engine Light Fission Core Compact Matter Pod (150) Improved Terrain Scan Processor Recoil Stabilizer Phase Shifter Improved Utility Shielding Improved Utility Shielding Improved Light Armor Plating Relay Coupler [NC] (23) Relay Coupler [Grunt] (25) Relay Coupler [Demolisher] (23) Relay Coupler [Demolisher] (25) Relay Coupler [Hunter] (18) Relay Coupler [Hunter] (16) Improved Trap Extractor (5/6 Explosive) AWS/Gauss Improved Grenade Launcher Remote Datajack Peak State ------------ > --- POWER ------------ Cooled Ion Engine > --- PROPULSION ------- Advanced Treads Compact Wheel > --- UTILITY ---------- Cryofiber Web Huge Storage Unit Improved Targeting Computer Advanced Targeting Computer Weapon Shielding Hardened Medium Armor Plating > --- WEAPON ----------- XL Autogun Array > --- INVENTORY -------- Light Deuterium Engine Light Fission Core Compact Matter Pod Compact Matter Pod Improved Terrain Scan Processor Recoil Stabilizer Improved Utility Shielding Improved Utility Shielding Hardened Medium Armor Plating Hardened Medium Armor Plating Reactive Plating Relay Coupler [Grunt] Relay Coupler [Sentry] Relay Coupler [Demolisher] Relay Coupler [Hunter] Relay Coupler [Hunter] Improved Trap Extractor AWS/Gauss Gauss Cannon Gauss Cannon Improved Grenade Launcher Improved Datajack [Rating: 65] Favorites ----------- Power Light Nuclear Core Engine Light Ion Engine Power Core Light Nuclear Core Propulsion Compact Wheel Treads Light Treads Leg Aluminum Leg Wheel Compact Wheel Utility Huge Storage Unit Device Cryofiber Web Storage Huge Storage Unit Processor Improved Targeting Computer Hackware Relay Coupler [Sentry] Protection Hardened Medium Armor Plating Weapon XL Autogun Subcomponent Energy Gun Medium Laser Ballistic Gun XL Autogun Subcomponent Ballistic Cannon Mass Driver Special Melee Weapon Improved Datajack Build | -11 -10 -10 -10 -9 -8 -8 -8 -7 -7 -7 ------- Run | Yrd Mat Min Exi Min Mat Gar Mat Fac Gar Fac Slots Evolved 6 | . . . . . 4 . . 2 . . Power . | . . . . . . . . . . . Propulsion . | . . . . . . . . . . . Utility 4 | . . . . . 2 . . 2 . . Weapon 2 | . . . . . 2 . . . . . Parts Attached 56 | 2 10 5 . . 11 3 6 1 18 . Power 9 | . 1 2 . . 1 1 2 . 2 . Engine 3 | . 1 1 . . . . 1 . . . Core 6 | . . 1 . . 1 1 1 . 2 . Reactor . | . . . . . . . . . . . Propulsion 9 | 2 . 1 . . 2 . 2 . 2 . Treads 6 | 1 . 1 . . 1 . 1 . 2 . Leg . | . . . . . . . . . . . Wheel 3 | 1 . . . . 1 . 1 . . . Hover . | . . . . . . . . . . . Flight . | . . . . . . . . . . . Utility 21 | . 3 1 . . 7 2 2 1 5 . Device 5 | . . 1 . . 1 1 1 . 1 . Storage 1 | . 1 . . . . . . . . . Processor 5 | . . . . . 4 . 1 . . . Hackware 1 | . . . . . . . . . 1 . Protection 9 | . 2 . . . 2 1 . 1 3 . Artifact . | . . . . . . . . . . . Weapon 17 | . 6 1 . . 1 . . . 9 . Energy Gun 7 | . 6 1 . . . . . . . . Energy Cannon . | . . . . . . . . . . . Ballistic Gun 5 | . . . . . 1 . . . 4 . Ballistic Cannon 4 | . . . . . . . . . 4 . Launcher . | . . . . . . . . . . . Special Weapon . | . . . . . . . . . . . Impact Weapon . | . . . . . . . . . . . Slashing Weapon . | . . . . . . . . . . . Piercing Weapon . | . . . . . . . . . . . Special Melee Weapon 1 | . . . . . . . . . 1 . Unidentified Prototypes 1 | . . . . . . . . . 1 . Parts Lost 30 | . 2 5 . 1 . . . . 18 4 Power 3 | . . 1 . . . . . . 1 1 Propulsion 5 | . . 1 . . . . . . 4 . Utility 10 | . . 1 . 1 . . . . 7 1 Weapon 12 | . 2 2 . . . . . . 6 2 Highest Loss Streak 9 | . 2 5 . 1 . . . . 9 4 To Critical Strikes . | . . . . . . . . . . . Average Backups 19 | 6 12 15 17 15 19 23 23 22 21 19 Power 1 | 1 1 . . 1 1 2 2 2 2 2 Propulsion 1 | 4 3 2 2 2 1 2 . . . . Utility 13 | . 6 12 13 10 14 16 16 15 15 14 Weapon 2 | 1 . . . 2 1 3 3 4 3 2 Tool/Special . | . . . . . . . . . . . Unused Backups 40 | . 3 2 7 . 4 5 1 . . 18 Power 4 | . . 2 . . . . . . . 2 Propulsion 3 | . 3 . . . . . . . . . Utility 29 | . . . 7 . 3 5 1 . . 13 Weapon 3 | . . . . . 1 . . . . 2 Tool/Special 1 | . . . . . . . . . . 1 Average Slot Usage (%) 81 | . 95 96 100 85 71 72 72 74 79 59 Engine 2 | . 14 4 . . . . 1 7 1 . Core 6 | . . 9 14 14 9 9 7 . 5 6 Treads 9 | . 14 12 14 14 9 9 9 7 6 . Wheel 6 | . 14 14 14 14 9 9 9 7 . . Device 6 | . . 9 14 . . 4 9 7 9 6 Storage 9 | . 14 13 14 14 9 9 9 7 7 7 Processor 8 | . . . . . 17 18 18 15 8 7 Hackware 2 | . . . . . . . . . 5 7 Protection 6 | . 11 4 . . 8 4 . 13 8 . Energy Gun 8 | . 26 27 28 28 . . . . . . Ballistic Gun 9 | . . . . . 8 9 9 7 18 6 Ballistic Cannon 2 | . . . . . . . . . 3 14 Peak Build Rating 65 | 6 9 15 19 19 57 58 61 65 65 40 Average Rating 40 | 6 7 11 16 16 53 57 59 64 54 39 On Entrance 32 | 6 6 9 15 19 17 57 58 61 65 40 Avg Prop Armor Cover (%) 9 | . 11 12 14 14 6 7 8 6 5 . Naked Turns . | . . . . . . . . . . . Heaviest Build 116 | 12 90 91 91 91 108 108 104 113 116 108 Greatest Support 30 | 16 16 16 16 16 20 16 16 16 30 3 Greatest Overweight (x) 38 | . 5 5 5 5 6 6 6 7 38 35 Average Overweight (x) 6 | . 4 4 5 5 5 6 6 6 11 34 Largest Inventory Capacity 25 | 8 25 25 25 25 25 25 25 25 25 25 Average Capacity 24 | 8 24 23 25 25 25 25 25 25 25 25 Most Carried 25 | 6 17 24 25 25 25 25 25 25 25 21 Average Carried 21 | 6 12 17 24 24 24 24 24 23 22 20 Final Capacity 25 | 8 25 25 25 25 25 25 25 25 25 25 Final Carried 25 | 6 17 24 24 25 25 25 25 23 21 20 Class Distribution -------------------- 33% | Mutant 31% | Bothacker-Gunner 16% | Gunner 12% | Bothacker-Tank 7% | Tank Dominant Class ---------------- Mutant | -10/Materials Mutant | -10/Mines Mutant | -10/Exiles Mutant | -9/Mines Gunner | -8/Materials Gunner | -8/Garrison Bothacker-Gunner | -8/Materials Bothacker-Gunner | -7/Factory Bothacker-Gunner | -7/Garrison Bothacker-Gunner | -7/Factory Resources | -11 -10 -10 -10 -9 -8 -8 -8 -7 -7 -7 ----------- Run | Yrd Mat Min Exi Min Mat Gar Mat Fac Gar Fac Matter Collected 2769 | 171 169 50 . . 415 412 297 . 1105 150 Remotely . | . . . . . . . . . . . Salvage Created 4485 | . 413 250 . 177 629 634 437 . 1566 379 Parts 207 | . 24 13 . 7 36 30 25 . 60 12 Haulers Intercepted 5 | . 1 . . . 1 . 2 . . 1 Recyclers Shooed 2 | . 2 . . . . . . . . . Parts Field Recycled . | . . . . . . . . . . . Retrieved Matter . | . . . . . . . . . . . Parts Self-Destructed . | . . . . . . . . . . . Prevented . | . . . . . . . . . . . Parts Restored . | . . . . . . . . . . . Kills | -11 -10 -10 -10 -9 -8 -8 -8 -7 -7 -7 ------- Run | Yrd Mat Min Exi Min Mat Gar Mat Fac Gar Fac Combat Hostiles Destroyed 91 | . 9 7 . 4 11 14 7 . 34 5 Guns 83 | . 9 7 . 4 11 14 7 . 31 . Cannons 8 | . . . . . . . . . 3 5 Classes Destroyed 16 | . 4 1 . 1 1 2 1 . 5 1 Builder 2 | . . 1 . . 1 . . . . . Hauler 5 | . 1 . . . 1 . 2 . . 1 Recycler 3 | . . . . 1 1 . . . . 1 Mechanic 1 | . . . . . . . . . . 1 Operator 1 | . . . . . . . 1 . . . Watcher 5 | . 3 . . . . . 2 . . . Swarmer 20 | . 4 3 . 3 3 3 3 . 1 . Grunt 46 | . 5 4 . 1 4 6 3 . 18 5 Brawler 1 | . . . . . . . . . 1 . Duelist 3 | . . . . . . 2 . . 1 . Sentry 11 | . . . . . 4 2 1 . 4 . Demolisher 3 | . . . . . . . . . 3 . Specialist 1 | . . . . . . 1 . . . . Hunter 2 | . . . . . . . . . 2 . Programmer 3 | . . . . . . . . . 3 . Behemoth 1 | . . . . . . . . . 1 . Best Kill Streak 7 | . 2 5 . 3 7 7 6 . 5 5 Combat Bots Only 7 | . 2 4 . 3 6 7 5 . 5 4 Max Kills in Single Turn 2 | . 1 1 . 1 2 2 1 . 2 2 Gunslinging 1 | . . . . . . . . . 1 . Exploded . | . . . . . . . . . . . Melee . | . . . . . . . . . . . Uniques/NPCs Destroyed . | . . . . . . . . . . . Combat | -11 -10 -10 -10 -9 -8 -8 -8 -7 -7 -7 -------- Run | Yrd Mat Min Exi Min Mat Gar Mat Fac Gar Fac Hostile Shots Fired 501 | . 40 54 . 22 12 36 8 . 269 60 Missed 122 | . 16 11 . 7 3 7 1 . 60 17 Hits 379 | . 24 43 . 15 9 29 7 . 209 43 Melee 6 | . . . . . . . . . . 6 Projectile 373 | . 24 43 . 15 9 29 7 . 209 37 AOE 14 | . . . . . . . . . 14 . Critical Strikes 9 | . . 1 . . . 1 2 . 2 3 Damage Taken 5534 | . 248 494 . 114 117 375 105 . 3254 827 Core 883 | . 32 54 . 37 10 17 32 . 481 220 Absorbed by Shields 12 | . . . . . . . . . 12 . Redirected to Shielding 82 | . 6 . . . . . . . 76 . Ignored by Resistances 40 | . . . . . . . . . 40 . Regen/Repaired (Parts) 2 | . 2 . . . . . . . . . Core Remaining (%) 79 | 100 . . . 50 . . 89 . . . Volleys Fired 243 | . 58 31 . 6 19 29 18 . 75 7 Largest 4 | . 2 2 . 2 1 1 1 . 4 3 Hottest 115 | . 100 115 . 115 60 60 60 . 114 114 Shots Fired 418 | . 92 50 . 12 19 29 18 . 176 22 Gun 395 | . 92 50 . 12 19 29 18 . 168 7 Cannon 23 | . . . . . . . . . 8 15 Launcher . | . . . . . . . . . . . Special . | . . . . . . . . . . . Kinetic 264 | . . . . . 19 29 18 . 176 22 Thermal 99 | . 37 50 . 12 . . . . . . Explosive . | . . . . . . . . . . . Electromagnetic 55 | . 55 . . . . . . . . . Robot Hit Streak 14 | . 7 6 . 3 10 14 11 . 14 7 Robot Miss Streak 8 | . 5 3 . 2 4 8 3 . 4 1 Penetration Max . | . . . . . . . . . . . Secondary Targets 9 | . 1 . . 1 . . . . 7 . Max Gunslinging Chain 1 | . 1 . . 1 . . . . 1 . Shots Hit Robots 288 | . 50 32 . 7 19 24 18 . 125 13 Core Hits 173 | . 19 14 . 5 18 22 15 . 69 11 Critical Kills . | . . . . . . . . . . . Critical Parts Destroyed . | . . . . . . . . . . . Critical Strikes 12 | . 3 5 . 1 . . . . 1 2 Burn 7 | . 1 5 . 1 . . . . . . Blast 3 | . . . . . . . . . 1 2 Corrupt 2 | . 2 . . . . . . . . . Melee Attacks 1 | . . . . . . . . . 1 . Impact . | . . . . . . . . . . . Slashing . | . . . . . . . . . . . Piercing . | . . . . . . . . . . . Sneak Attacks . | . . . . . . . . . . . Combat Hostiles . | . . . . . . . . . . . Follow-up Attacks . | . . . . . . . . . . . Damage Inflicted 8921 | . 720 434 . 99 964 1398 1051 . 3779 476 Guns 8342 | . 682 434 . 99 964 1398 1051 . 3597 117 Cannons 541 | . . . . . . . . . 182 359 Explosions 38 | . 38 . . . . . . . . . Melee . | . . . . . . . . . . . Ramming . | . . . . . . . . . . . Kinetic 7668 | . . . . . 964 1398 1051 . 3779 476 Thermal 842 | . 309 434 . 99 . . . . . . Explosive . | . . . . . . . . . . . Electromagnetic 411 | . 411 . . . . . . . . . Impact . | . . . . . . . . . . . Slashing . | . . . . . . . . . . . Piercing . | . . . . . . . . . . . Highest Corruption 3 | . . . . . . . . . 3 3 Average Corruption 2 | . . . . . . . . . 2 3 Corruption Purged . | . . . . . . . . . . . Corruption Blocked . | . . . . . . . . . . . Effects 59 | . . . . . . . . . 50 9 Message Errors 17 | . . . . . . . . . 16 1 Matter Fused 14 | . . . . . . . . . 12 2 Heat Flow Errors 4 | . . . . . . . . . 2 2 Energy Discharges 2 | . . . . . . . . . 2 . Parts Fused 1 | . . . . . . . . . 1 . Data Loss (minor) 10 | . . . . . . . . . 7 3 Data Loss (major) 4 | . . . . . . . . . 4 . Misfires 4 | . . . . . . . . . 3 1 Alerts 3 | . . . . . . . . . 3 . Overload Shots . | . . . . . . . . . . . Overflow Damage . | . . . . . . . . . . . Projectiles . | . . . . . . . . . . . Explosions . | . . . . . . . . . . . Melee . | . . . . . . . . . . . Knockbacks 1 | . . . . . . . . . 1 . Impact . | . . . . . . . . . . . Kinetic 1 | . . . . . . . . . 1 . Secondary . | . . . . . . . . . . . Self-Inflicted Damage . | . . . . . . . . . . . Shots . | . . . . . . . . . . . Rammed . | . . . . . . . . . . . Targets Rammed . | . . . . . . . . . . . Kicked . | . . . . . . . . . . . Crushed . | . . . . . . . . . . . Highest Temperature 491 | . 213 367 . 120 182 415 128 . 491 148 Average Temperature 103 | . 54 130 . 41 57 123 53 . 180 65 Received Heat Transfer 1620 | . 93 255 . . 45 189 72 . 615 351 Effects 9 | . . 2 . . . 3 . . 4 . Shutdowns 1 | . . 1 . . . . . . . . Interference 7 | . . 1 . . . 3 . . 3 . Short Circuit 1 | . . . . . . . . . 1 . Siege Activations . | . . . . . . . . . . . Martial Activations . | . . . . . . . . . . . Shielding Activations . | . . . . . . . . . . . Robots Disrupted . | . . . . . . . . . . . Combat Hostiles . | . . . . . . . . . . . Robots Corrupted . | . . . . . . . . . . . Combat Hostiles . | . . . . . . . . . . . Parts Fried 1 | . 1 . . . . . . . . . Impact Corruptions . | . . . . . . . . . . . Robots Melted . | . . . . . . . . . . . Combat Hostiles . | . . . . . . . . . . . Parts Melted 5 | . 1 2 . 2 . . . . . . Heat Transferred 2813 | . 852 1628 . 333 . . . . . . Parts Sabotaged . | . . . . . . . . . . . Parts Stolen . | . . . . . . . . . . . Parts Stripped . | . . . . . . . . . . . Power Chain Reactions 1 | . 1 . . . . . . . . . Alert | -11 -10 -10 -10 -9 -8 -8 -8 -7 -7 -7 ------- Run | Yrd Mat Min Exi Min Mat Gar Mat Fac Gar Fac Maximum Alert Level 5 | . . . . . 1 2 1 . 5 4 Low Security (%) 48 | 100 100 100 . 100 89 25 80 100 5 . Level 1 6 | . . . . . 10 36 19 . 2 . Level 2 11 | . . . . . . 38 . . 21 . Level 3 7 | . . . . . . . . . 18 . Level 4 9 | . . . . . . . . . 11 100 Level 5 16 | . . . . . . . . . 40 . High Security . | . . . . . . . . . . . Max Security . | . . . . . . . . . . . Peak Influence 2658 | . 123 60 . 74 247 501 248 67 2658 1395 Initial 1395 | . . . . . . 82 243 67 18 1395 Average 648 | . 30 7 . 12 97 318 96 50 1319 1278 Influence Increases 4635 | . 314 175 . 149 382 419 254 . 2840 102 Destroy 0b10 Robot/C 1830 | . 180 140 . 120 220 280 140 . 675 75 Destroy 0b10 Robot/NC 82 | . 20 5 . 5 15 . 25 . . 12 Destroy Leader 268 | . 58 30 . 20 62 20 38 . 30 10 Allied During Kill 5 | . . . . 4 . . . . 1 . Successful Hack 72 | . 22 . . . 4 14 18 . 14 . Disable Machine 30 | . 15 . . . . . 15 . . . Anti-Garrison Action 2125 | . . . . . . 100 . . 2025 . Destroy Structure 58 | . 4 . . . 21 5 18 . 5 5 Lose Combat Pursuer 165 | . 15 . . . 60 . . . 90 . Influence Decreases 3432 | . 314 175 . 149 255 45 605 123 209 1557 Entered New Map 1658 | . . . . . . 45 258 83 9 1263 Time Decay 1454 | . 294 125 . 139 255 . 347 40 . 254 Lost Part 300 | . 20 50 . 10 . . . . 180 40 Lost Ally 20 | . . . . . . . . . 20 . Squads Dispatched 6 | . 3 . . . 1 . . . . 2 Investigation 1 | . 1 . . . . . . . . . Extermination . | . . . . . . . . . . . Reinforcement 3 | . 2 . . . 1 . . . . . Assault 2 | . . . . . . . . . . 2 Garrison . | . . . . . . . . . . . Intercept . | . . . . . . . . . . . Searches Triggered . | . . . . . . . . . . . Construction Impeded 1 | . . . . . 1 . . . . . Haulers Reinforced . | . . . . . . . . . . . Active Scanning Responses . | . . . . . . . . . . . Cargo Convoy Interrupts . | . . . . . . . . . . . Stealth | -11 -10 -10 -10 -9 -8 -8 -8 -7 -7 -7 --------- Run | Yrd Mat Min Exi Min Mat Gar Mat Fac Gar Fac Distress Signals 5 | . . . . . 4 . 1 . . . Communications Jammed . | . . . . . . . . . . . Distress Signals . | . . . . . . . . . . . Times Spotted 118 | . 20 7 . 6 13 13 10 . 37 12 Peak Tracking Total 6 | . 4 3 . 3 5 4 3 . 6 5 Tactical Retreats 5 | . 1 . . . 2 . . . 2 . Traps | -11 -10 -10 -10 -9 -8 -8 -8 -7 -7 -7 ------- Run | Yrd Mat Min Exi Min Mat Gar Mat Fac Gar Fac Traps Triggered 10 | . . . . . . 1 . . 9 . Indirectly . | . . . . . . . . . . . Trap Hack Attempts . | . . . . . . . . . . . Triggered . | . . . . . . . . . . . Disarmed . | . . . . . . . . . . . Reprogrammed . | . . . . . . . . . . . Reused . | . . . . . . . . . . . Traps Extracted . | . . . . . . . . . . . Installed . | . . . . . . . . . . . Triggered . | . . . . . . . . . . . Most Traps Carried 5 | . . 5 5 5 5 5 5 5 5 5 Machines | -11 -10 -10 -10 -9 -8 -8 -8 -7 -7 -7 ---------- Run | Yrd Mat Min Exi Min Mat Gar Mat Fac Gar Fac Machines Disabled 9 | . 2 . . . . 3 1 . 3 . Max in Single Turn 1 | . 1 . . . . 1 1 . 1 . Garrison Relay 4 | . . . . . . 2 . . 2 . Machines Repaired . | . . . . . . . . . . . Machines Dismantled . | . . . . . . . . . . . Machines Sabotaged . | . . . . . . . . . . . Overloaded Fab Kills . | . . . . . . . . . . . Hacking | -11 -10 -10 -10 -9 -8 -8 -8 -7 -7 -7 --------- Run | Yrd Mat Min Exi Min Mat Gar Mat Fac Gar Fac Machines Accessed 26 | . 10 . 2 . 2 2 8 1 1 . Terminals 17 | . 7 . . . . 2 7 . 1 . Fabricators . | . . . . . . . . . . . Repair Stations 1 | . 1 . . . . . . . . . Recycling Units 2 | . 2 . . . . . . . . . Scanalyzers 2 | . . . . . 1 . 1 . . . Garrison Access 2 | . . . . . 1 . . 1 . . Total Hacks 59 | . 28 . 5 . 2 3 17 2 2 . Successful 36 | . 16 . 5 . 1 1 10 2 1 . Failed 22 | . 12 . . . 1 2 6 . 1 . Catastrophic 3 | . 1 . . . . 1 1 . . . Database Lockouts 1 | . . . . . . . 1 . . . Manual 19 | . 11 . 1 . . . 7 . . . Terminals 41 | . 21 . . . . 3 15 . 2 . Fabricators . | . . . . . . . . . . . Repair Stations 2 | . 2 . . . . . . . . . Recycling Units 5 | . 5 . . . . . . . . . Scanalyzers 3 | . . . . . 1 . 2 . . . Garrison Access 3 | . . . . . 1 . . 2 . . Terminal Hacks 21 | . 8 . 5 . . 1 6 . 1 . Record 4 | . . . 4 . . . . . . . Robot Analysis 1 | . 1 . . . . . . . . . Prototype ID Bank 3 | . 1 . . . . . 2 . . . Branch Access Points 2 | . 1 . . . . . 1 . . . Emergency Access Points 1 | . . . . . . . . . 1 . Locate Traps 4 | . 3 . . . . . 1 . . . Recall Reinforcements 1 | . 1 . . . . . . . . . Registered Components 2 | . 1 . . . . . 1 . . . Zone Layout 1 | . . . . . . . 1 . . . Patrol Navigation 1 | . . . . . . 1 . . . . Proto ID Catalog 1 | . . . 1 . . . . . . . Fabricator Hacks . | . . . . . . . . . . . Repair Station Hacks 2 | . 2 . . . . . . . . . Scan Component 1 | . 1 . . . . . . . . . Repair 1 | . 1 . . . . . . . . . Recycling Unit Hacks 2 | . 2 . . . . . . . . . Report Inventory 2 | . 2 . . . . . . . . . Scanalyzer 1 | . . . . . . . 1 . . . Retrieve Study 1 | . . . . . . . 1 . . . Garrison Access Hacks 3 | . . . . . 1 . . 2 . . Unlock Access 2 | . . . . . 1 . . 1 . . Coupler Status 1 | . . . . . . . . 1 . . Unauthorized Hacks 7 | . 4 . . . . . 3 . . . Terminals 6 | . 3 . . . . . 3 . . . Botnet 6 | . 3 . . . . . 3 . . . Fabricators . | . . . . . . . . . . . Repair Stations . | . . . . . . . . . . . Recycling Units 1 | . 1 . . . . . . . . . Mask 1 | . 1 . . . . . . . . . Scanalyzers . | . . . . . . . . . . . Garrison Access . | . . . . . . . . . . . Data Cores Recovered . | . . . . . . . . . . . Used . | . . . . . . . . . . . Hacking Detections 18 | . 8 . . . 2 2 4 1 1 . Full Trace Events 1 | . 1 . . . . . . . . . Feedback Events . | . . . . . . . . . . . Feedback Blocked . | . . . . . . . . . . . Robot Schematics Acquired . | . . . . . . . . . . . Robots Built . | . . . . . . . . . . . Authchips . | . . . . . . . . . . . Time . | . . . . . . . . . . . Total Robot Build Rating . | . . . . . . . . . . . Part Schematics Acquired . | . . . . . . . . . . . Parts Built . | . . . . . . . . . . . Authchips . | . . . . . . . . . . . Time . | . . . . . . . . . . . Total Part Build Rating . | . . . . . . . . . . . Part Studies Acquired 1 | . . . . . . . 1 . . . Parts Repaired 1 | . 1 . . . . . . . . . Time 53 | . 53 . . . . . . . . . Parts Recycled . | . . . . . . . . . . . Recycled Matter . | . . . . . . . . . . . Retrieved Matter . | . . . . . . . . . . . Retrieved Components . | . . . . . . . . . . . Parts Scanalyzed . | . . . . . . . . . . . Part Schematics Acquired . | . . . . . . . . . . . Parts Damaged . | . . . . . . . . . . . Bothacking | -11 -10 -10 -10 -9 -8 -8 -8 -7 -7 -7 ------------ Run | Yrd Mat Min Exi Min Mat Gar Mat Fac Gar Fac Used RIF Installer 2 | . . . . . . 1 . . 1 . Threat Obfuscator 1 | . . . . . . . . . 1 . Robots Hacked 1 | . . . . . . . . . 1 . Non-combat . | . . . . . . . . . . . Combat 1 | . . . . . . . . . 1 . Robot Hacks Applied 1 | . . . . . . . . . 1 . overwrite_iff 1 | . . . . . . . . . 1 . Relay Couplers Released 16 | . . . . . . 7 . . 9 . Machine Destruction 16 | . . . . . . 7 . . 9 . Attached 1 | . . . . . . . . . 1 . Fabnet Peak Effective % . | . . . . . . . . . . . Robots Rewired . | . . . . . . . . . . . Allies Hacked . | . . . . . . . . . . . Hacks Repelled . | . . . . . . . . . . . Allies | -11 -10 -10 -10 -9 -8 -8 -8 -7 -7 -7 -------- Run | Yrd Mat Min Exi Min Mat Gar Mat Fac Gar Fac Total Allies 2 | . . . . 1 . . . . 1 . Largest Group 1 | . . . . 1 . . . . 1 . Highest-Rated Group 32 | . . . . 31 . . . . 32 . Highest-Rated Ally 32 | . . . . 31 . . . . 32 . Total Orders . | . . . . . . . . . . . Ally Attacks 8 | . . . . 6 . . . . 2 . Total Damage 240 | . . . . 104 . . . . 136 . Kills 2 | . . . . 2 . . . . . . Allies Corrupted . | . . . . . . . . . . . Allies Melted . | . . . . . . . . . . . Intel | -11 -10 -10 -10 -9 -8 -8 -8 -7 -7 -7 ------- Run | Yrd Mat Min Exi Min Mat Gar Mat Fac Gar Fac Active Infowar (turns) . | . . . . . . . . . . . Robot Analysis Total 1 | . 1 . . . . . . . . . Derelict Logs Recovered 3 | . . 2 . 1 . . . . . . Drone Launches . | . . . . . . . . . . . Drone Recoveries . | . . . . . . . . . . . Exploration | -11 -10 -10 -10 -9 -8 -8 -8 -7 -7 -7 ------------- Run | Yrd Mat Min Exi Min Mat Gar Mat Fac Gar Fac Turns Passed 12632 | 6 1594 1013 532 865 1114 788 1079 82 5017 542 Spaces Moved 4207 | 1 778 513 300 478 454 374 545 39 696 29 Core 180 | . . . . . . . . . 151 29 Treads 390 | . . . . . 2 . . . 388 . Legs . | . . . . . . . . . . . Wheels 3637 | 1 778 513 300 478 452 374 545 39 157 . Hover . | . . . . . . . . . . . Flight . | . . . . . . . . . . . Fastest Speed 100 | 100 100 100 175 175 175 190 190 190 205 1700 Average Speed 276 | 100 171 172 175 175 191 190 190 204 692 1793 Slowest Speed 1950 | 100 175 175 175 175 560 190 190 205 1950 1800 Overloaded Moves . | . . . . . . . . . . . Propulsion Burnouts . | . . . . . . . . . . . Robots Hopped . | . . . . . . . . . . . Potential Cave-ins . | . . . . . . . . . . . Cave-ins Triggered . | . . . . . . . . . . . Exploration Rate (%) 45 | 1 96 95 62 67 28 37 41 1 72 1 Regions Visited 10 Branch Regions 3 Pre-discovered Areas 2 | . . . 1 1 . . . . . . Known Exits Taken 3 | . 1 . . . 1 . . 1 . . Unknown Exits Taken 5 | 1 . 1 1 1 . . 1 . . . Scrap Searched 2 | . . 2 . . . . . . . . Spaces Dug . | . . . . . . . . . . . Terrain Destroyed 44 | . 4 . . . 17 . 18 . . 5 Melee . | . . . . . . . . . . . Projectile 40 | . . . . . 17 . 18 . . 5 AOE 4 | . 4 . . . . . . . . . Terrain Rammed . | . . . . . . . . . . . Walls Destroyed . | . . . . . . . . . . . Machines Disabled . | . . . . . . . . . . . Actions | -11 -10 -10 -10 -9 -8 -8 -8 -7 -7 -7 --------- Run | Yrd Mat Min Exi Min Mat Gar Mat Fac Gar Fac Total 5044 | 5 943 586 311 495 704 456 591 41 873 39 Wait 372 | 3 77 15 . 11 184 31 12 . 37 2 Move 4199 | . 777 512 299 477 454 373 544 39 695 29 Hop . | . . . . . . . . . . . Pick Up 79 | . 14 21 4 1 18 9 4 . 8 . Fast Attach 13 | . 2 4 . . . . . . 7 . Attach 20 | . 2 1 . . 5 . . 2 10 . Detach 2 | . 1 . . . 1 . . . . . Swap 36 | 2 9 2 . . 8 4 6 . 5 . Drop 45 | . 3 . 8 . 15 10 7 . 1 1 Fire 243 | . 58 31 . 6 19 29 18 . 75 7 Melee 1 | . . . . . . . . . 1 . Ram . | . . . . . . . . . . . Kick . | . . . . . . . . . . . Crush . | . . . . . . . . . . . Escape Stasis 34 | . . . . . . . . . 34 . Rewire . | . . . . . . . . . . . Trap . | . . . . . . . . . . . Miscellaneous . | . . . . . . . . . . . Route ------- -11/Scrapyard -10/Materials (discovered 4 exits: [*Mat x3] / *Min) -10/Mines (discovered 3 exits: [*Mat x2] / *Exi) -10/Exiles -9/Mines -8/Materials (discovered 2 exits: *Fac / Gar) -8/Garrison -8/Materials -7/Factory -7/Garrison (discovered 2 exits: [*Fac x2]) -7/Factory History --------- Turn | Location | Event 7 | -11/Scrapyard | Discovered new exit (range 0) 7 | -11/Scrapyard | Entered Materials 301 | -10/Materials | Build established: Mutant 404 | -10/Materials | Discovered new exit (range 14) 527 | -10/Materials | Discovered new exit (range 16) 707 | -10/Materials | Derelicts attacked the area 771 | -10/Materials | Identified exit to Mines 812 | -10/Materials | Discovered new exit (range 10) 1007 | -10/Materials | Repaired Corrupted Imp. Heat Sink 1353 | -10/Materials | Discovered new exit (range 16) 1601 | -10/Materials | Entered Mines 1666 | -10/Mines | Discovered new exit (range 7) 1973 | -10/Mines | Lost 5 parts (1p1n1u2w) 2063 | -10/Mines | Discovered new exit (range 11) 2198 | -10/Mines | Found a hidden stash of uninstalled traps 2315 | -10/Mines | Learned Materials stockpile data 2525 | -10/Mines | Deemed a non-threat by the Exiles lab entrance 2607 | -10/Mines | Discovered new exit (range 5) 2614 | -10/Mines | Entered Exiles 2671 | -10/Exiles | Met 8R-AWN 2694 | -10/Exiles | Met EX-HEX 2745 | -10/Exiles | Met EX-BIN 2803 | -10/Exiles | Aligned with FarCom system 2804 | -10/Exiles | Given EX-Vault access code 2857 | -10/Exiles | Opened EX-Vault 2871 | -10/Exiles | Found XL Autogun Array 2905 | -10/Exiles | Warned to stay clear of 0b10 Research branches 2952 | -10/Exiles | Found AWS/Gauss 3044 | -10/Exiles | Met EX-DEC 3062 | -10/Exiles | Learned location of Zion (-7) 3126 | -10/Exiles | Discovered new exit (range 12) 3146 | -10/Exiles | Stole two prototypes: AWS/Gauss, XL Autogun Array 3146 | -10/Exiles | Entered Mines 3195 | -9/Mines | Learned location of Recycling (-9) 3363 | -9/Mines | Discovered new exit (range 6) 3366 | -9/Mines | Received a Mining Laser from a helpful Derelict 4011 | -9/Mines | Entered Materials 4011 | -8/Materials | Evolved 4 slots: Utility x2, Weapon x2 4316 | -8/Materials | Build established: Gunner 4602 | -8/Materials | Discovered new exit (range 16) 5125 | -8/Materials | Identified exit to Garrison 5125 | -8/Materials | Entered Garrison 5149 | -8/Garrison | Triggered checkpoint 5359 | -8/Garrison | Destroyed 7 combat bots 5364 | -8/Garrison | Garrison Relay disabled 5461 | -8/Garrison | Spotted B-75 Beast 5461 | -8/Garrison | Spotted B-75 Beast 5481 | -8/Garrison | Triggered checkpoint 5613 | -8/Garrison | Garrison Relay disabled 5749 | -8/Garrison | Triggered checkpoint 5833 | -8/Garrison | Discovered new exit (range 12) 5846 | -8/Garrison | Installed Relay Interface Framework 5913 | -8/Garrison | Entered Materials 6362 | -8/Materials | Build established: Bothacker-Gunner 6805 | -8/Materials | Central database locked down 6962 | -8/Materials | Discovered new exit (range 16) 6992 | -8/Materials | Entered Factory 6992 | -7/Factory | Evolved 2 slots: Utility x2 6994 | -7/Factory | FarCom data flow suspended 7074 | -7/Factory | Identified exit to Garrison 7074 | -7/Factory | Entered Garrison 7158 | -7/Garrison | Triggered checkpoint 7199 | -7/Garrison | Garrison Relay disabled 7452 | -7/Garrison | Triggered checkpoint 7722 | -7/Garrison | Triggered checkpoint 7798 | -7/Garrison | Garrison Relay disabled 7919 | -7/Garrison | Discovered new exit (range 10) 8116 | -7/Garrison | Triggered checkpoint 8195 | -7/Garrison | Spotted B-75 Beast 8252 | -7/Garrison | Destroyed B-75 Beast 8281 | -7/Garrison | Lost 9 parts (1p1n4u3w) 8365 | -7/Garrison | Discovered new exit (range 12) 8684 | -7/Garrison | Build established: Tank 9072 | -7/Garrison | Triggered checkpoint 9579 | -7/Garrison | Build established: Bothacker-Tank 9710 | -7/Garrison | Triggered checkpoint 9712 | -7/Garrison | Core integrity fell below 50% 9737 | -7/Garrison | Triggered checkpoint 10493 | -7/Garrison | Expanded RIF knowledge: Threat Obfuscation 10828 | -7/Garrison | Triggered checkpoint 10874 | -7/Garrison | Lost 6 parts (1n2u3w) 11151 | -7/Garrison | Build established: Bothacker-Gunner 12091 | -7/Garrison | Entered Factory 12491 | -7/Factory | First assault squad dispatched 12622 | -7/Factory | Core integrity fell below 20% 12633 | -7/Factory | Destroyed by G-50 Soldier with Heavy Laser Last Messages --------------- 12594_ M-28 Smith suffers critical hit (Blast). 12594_ Destroyed Wheel. 12594_ M-28 Smith destroyed. 12603_ System corrupted: FCS attempts to trigger Mass Driver. 12603_ System corrupted: Mass Driver misfires. 12610_ U-05 Engineer builds a Wall. 12617_ C-45 Heavy ARC bursts open, deploying its payload. 12617_ G-50 Soldier unfolds itself. 12617_ L-41 Fighter unfolds itself. 12617_ G-47 Trooper unfolds itself. 12617_ I-36 Angel unfolds itself. 12619_ Mass Driver destroyed. 12625_ XL Autogun Subcomponent destroyed. 12627_ U-05 Engineer builds a Wall. 12628_ Mass Driver severed. 12628_ Cryofiber Web destroyed. 12628_ G-50 Soldier suffers critical hit (Burn). 12631_ L-41 Fighter suffers critical hit (Burn). Map ----- +----------------------------------------------------+ | ??????????????????????????????????????????? | | ??????????????????????????????????????????? | | ??????????????????????????????????????????? | | ??????????????????????????????????????????? | | ??????????????????????????????????????????? | | ??????????????????????????????????????????? | | ??????????????????????????????????????????? | | ??????????????????????????????????????????? | | ??????????????????????????????????????????? | | ??????????????????? ??????????????????????? | | ??????????????????? ??????????????????????? | | ??????????????????# ??????????????????????? | | ??????????????????" ?#????????????????????? | | ????????##############????????????????????? | | ???????## #????????????????????? | | ????????# u *%#????????????????????? | | ????????# *!%##???????????????????? | | ????????# [%%+????????????????????? | | ????????# =%#????????????????????? | | ????????# %[#????????????????????? | | ????????# #????????????????????? | | ????????# #????????????????????? | | ????????# i #????????????????????? | | ????????# #????????????????????? | | ????????# ggl #????????????????????? | | ????????# %g@ #????????????????????? | | ????????#######+############ ????????????? | | ???????????# =%[ ???????????? | | ???????????# *!% ???????????? | | ???????????# ]]] ???????????? | | ???????????# ! ???????????? | | ???????????# ???????????? | | ?????????######+####### ######????????????? | | ?????????# #?#?????????????????? | | ?????????# """"""""" #???????????????????? | | ?????????# #???????????????????? | | ?????????# """"""""" #???????????????????? | | ?????????# #???????????????????? | | ?????????# """"""""" #???????????????????? | | ?????????# #???????????????????? | | ?????????#?""""""""" #???????????????????? | | ?????????????? !#???????????????????? | | ???????????????""""" #???????????????????? | | ?????????????????? #???????????????????? | | ?????????????????? #???????????????????? | | ??????????????????#####???????????????????? | | ??????????????????????????????????????????? | | ??????????????????????????????????????????? | | ??????????????????????????????????????????? | | ??????????????????????????????????????????? | +----------------------------------------------------+ Best States ------------- Heat Dissipation 45 Energy Generation 15 Energy Capacity 280 Matter Stores 300 Matter Capacity 300 Sight Range 16 Terrain Scan Density 10 Base Temperature (-) 100 Armor Coverage 375 Resistance: KI 20 Utility Shielding 66 Weapon Shielding 33 Phase Shifting 5 Evasion (%) 45 Targeting Accuracy 14 Recoil Reduction 1 Relay Coupler Types 1 Relay Coupler Value 11 Trap Extractor Capacity 6 Item Schematics ----------------- None Robot Schematics ------------------ None Fabricated ------------ Nothing Repaired ---------- Imp. Heat Sink | 95% | -10/Materials | Corrupted Studied --------- Adv. Treads | -8/Materials | Hacked Alien Tech Used ----------------- None Achievements -------------- Join The Dark Side Mindtrick Morally Flexible You Will Be Upgraded Challenges ------------ None Game ------ Seed StrikeMicrodissipatorLegs Manual? 0 Play Time 01:09:12 Cumulative 93.0 hours Start 2025.11.08 @ 10:03:38 End 2025.11.08 @ 11:14:44 Sessions 1 Manual Loads 0 Difficulty Rogue Special Mode None Game No. 106 Rogue 76 Adventurer 30 Explorer 0 Win Type - Total 1 Types 1/0/0/0/0/0/0/0/0/0 Lore% 50 Gallery% 42 Achievement% 31 Wizard Run 0 Options --------- Layout 2 ASCII 0 Keyboard 1 Movement Arrows Keybinds 0 Fullscreen 1 Font 24/Terminus Map View 50x44 Zoom Use 0% Tactical HUD 1 Map Filters NONE Filters NONE Steam 1 RUN: 70afdc81-60e0-4e14-b4ed-abec1a6a697d